Map: Central Protocol

Players

Miszu

  • Race: Terran Terran
  • League: Master

Mix - Winner!

  • Race: Zerg Zerg
  • League: Grandmaster

VOD

Have the link to the VOD?

Description

Time

  • Played on: March 12, 2016, 5:59 p.m.
  • Length: 9:03
Show
View Real Time Build Order
Export as new Build Order

Miszu Terran 

Build Orders:  

Get SALT Encoding   

  12  0:00  SCV  
  13  0:12  SCV  
  14  0:18  Supply Depot  
  14  0:25  SCV  
  15  0:40  SCV  
  15  0:41  Barracks  
  16  0:43  Refinery  
  16  0:52  SCV  
  17  1:02  Barracks  
  18  1:04  SCV  
  18  1:16  SCV  
  19  1:19  Barracks  
  19  1:26  Refinery  
  19  1:31  Reaper  
  20  1:43  Orbital Command  
  20  1:50  Reaper  
  21  1:58  Supply Depot  
  21  2:03  Reaper  
  22  2:08  SCV  
  23  2:19  Reaper  
  23  2:22  Reaper  
  25  2:32  SCV  
  25  2:35  Reaper  
  27  2:39  Supply Depot  
  27  2:51  Reaper, SCV  
  27  2:54  Reaper  
  29  3:08  Reaper  
  29  3:11  SCV  
  31  3:19  Command Center  
  31  3:23  Reaper  
  31  3:26  Reaper  
  32  3:40  Reaper  
  32  3:55  Reaper  
  32  3:59  Reaper  
  32  4:00  SCV  
  35  4:12  Reaper, SCV  
  36  4:18  Command Center  
  36  4:24  SCV  
  36  4:39  Barracks Reactor, Barracks Tech Lab  
  35  4:59  Marine x2  
  37  5:04  SCV  
  37  5:05  Orbital Command  
  35  5:10  Stimpack  
  33  5:15  Marine x2  
  33  5:16  SCV  
  33  5:17  Barracks Tech Lab  
  36  5:24  Marine  
  36  5:25  Factory  
  36  5:28  SCV  
  38  5:33  Marine x2  
  40  5:36  Orbital Command  
  40  5:39  Marine  
  40  5:40  SCV  
  40  5:41  Marine  
  43  5:51  Marine x2  
  43  5:52  SCV  
  43  5:53  Orbital Command  
  46  5:57  Marine  
  46  5:59  Marine  
  46  6:04  SCV x2  
  49  6:08  Marine  
  49  6:09  Marine  
  51  6:15  Marine  
  51  6:16  SCV  
  53  6:18  Factory Reactor  
  53  6:19  Starport  
  53  6:21  Marine  
  53  6:23  SCV x2  
  56  6:26  Marine  
  56  6:28  SCV  
  56  6:29  Marine  
  59  6:33  Supply Depot  
  59  6:35  SCV x2  
  59  6:39  Marine  
  62  6:40  Barracks Tech Lab, SCV  
  62  6:43  Engineering Bay  
  62  6:44  Engineering Bay  
  62  6:46  Refinery  
  63  6:49  Refinery  
  63  6:53  Marine x2  
  64  6:57  Marine  
  64  6:59  SCV  
  64  7:00  SCV  
  63  7:15  Medivac  
  63  7:17  Medivac  
  63  7:21  Orbital Command  
  66  7:33  SCV x2  
  64  7:39  Marine  
  64  7:40  Marine x3  
  68  7:45  SCV  
  68  7:46  SCV  
  68  7:50  SCV  
  71  7:57  Marine x4  
  71  7:58  SCV x2  
  77  8:02  SCV  
  76  8:10  SCV  
  75  8:15  Marine x4  
  64  8:32  Marine, Medivac  
  64  8:33  Marine x3  
  61  8:44  SCV  
Show
View Real Time Build Order
Export as new Build Order

Mix Zerg - Winner!

Build Orders: Pool First 

Get SALT Encoding   

  12  0:01  Drone  
  13  0:12  Overlord  
  13  0:17  Drone  
  14  0:30  Drone x2  
  14  0:34  Drone  
  17  0:47  Spawning Pool  
  17  0:48  Drone  
  17  0:56  Drone  
  18  1:00  Extractor  
  17  1:15  Hatchery  
  17  1:16  Drone  
  17  1:19  Drone  
  18  1:32  Drone  
  19  1:34  Queen  
  21  1:40  Drone  
  22  1:47  Roach Warren  
  21  1:54  Overlord  
  21  2:10  Pneumatized Carapace  
  21  2:27  Roach x2  
  25  2:30  Queen  
  25  2:32  Overlord  
  25  2:35  Roach  
  29  2:50  Roach  
  31  2:53  Roach  
  31  2:55  Drone  
  31  2:56  Overlord  
  31  2:57  Evolution Chamber  
  33  3:13  Roach x2  
  37  3:22  Roach  
  37  3:23  Queen  
  41  3:30  Roach  
  41  3:37  Drone x2  
  41  3:38  Drone  
  42  3:50  Roach x2  
  44  3:57  Roach  
  44  4:04  Queen  
  44  4:08  Drone x2  
  46  4:11  Drone  
  47  4:25  Overlord  
  47  4:27  Roach  
  47  4:28  Roach  
  51  4:35  Overlord  
  51  4:37  Drone  
  52  4:45  Roach  
  54  4:50  Drone x2  
  56  4:53  Roach  
  56  4:55  Overlord  
  56  5:00  Roach  
  56  5:01  Drone x2  
  60  5:08  Drone x2  
  60  5:12  Overlord  
  62  5:17  Overlord  
  62  5:23  Drone  
  63  5:36  Overlord  
  63  5:38  Drone x2, Hatchery  
  64  5:44  Overlord  
  64  5:45  Drone x2  
  64  5:48  Drone x2  
  68  5:58  Extractor, Drone x2, Evolution Chamber  
  68  5:59  Evolution Chamber  
  68  6:02  Drone x2  
  69  6:05  Drone  
  68  6:14  Overlord  
  68  6:15  Drone  
  68  6:17  Extractor  
  66  6:19  Drone, Lair  
  66  6:24  Extractor  
  66  6:26  Overlord  
  66  6:28  Drone x3  
  66  6:29  Drone  
  70  6:33  Zerg Missile Weapons Level 1  
  70  6:44  Roach x2  
  70  6:45  Roach  
  76  7:05  Overlord, Zerg Ground Armor Level 1  
  76  7:07  Drone  
  76  7:08  Queen, Drone x6  
  85  7:13  Roach x3  
  85  7:15  Roach  
  93  7:18  Glial Reconstitution  
  93  7:33  Roach x4  
  93  7:34  Roach x2  
  91  7:40  Roach x3  
  91  7:43  Roach  
  99  7:45  Roach  
  99  7:46  Roach  
  99  7:48  Roach  
  99  7:50  Roach  
  107  7:53  Roach  
  107  7:55  Roach  
  107  7:56  Roach  
  113  8:01  Roach  
  117  8:05  Roach  
  117  8:06  Roach  
  117  8:12  Roach x2  
  123  8:14  Roach x2  
  123  8:15  Roach  
  121  8:20  Roach x2  
  121  8:22  Roach x2  
  123  8:31  Roach x3  
  125  8:39  Overlord  
  125  8:40  Drone x2  
  127  9:02  Extractor x2  
Tags
 
Add a new tag
Caveats
  • Supply blocks, unpowered buildings, or Contaminate may cause inaccurate times.
  • Supply counts are checked every 10 seconds.